 Dungeon Crawl Stone Soup version 0.30.0-29-ga12c61a403 (webtiles) character file.

Game seed: 12062808412893159900

1206 LustLizard the Ruffian (level 8, -1/82 HPs)
             Began as an Octopode Berserker on June 23, 2023.
             Was a Priest of Trog.
             Slain by an orc wizard
             ... wielding a +0 dagger
              (3 damage)
             ... on level 6 of the Dungeon.
             The game lasted 00:05:18 (5121 turns).

LustLizard the Ruffian (Octopode Berserker)         Turns: 5121, Time: 00:05:18

Health: -1/82      AC:  1    Str: 19    XL:     8   Next: 45%
Magic:  8/8        EV: 19    Int:  9    God:    Trog [***...]
Gold:   411        SH:  0    Dex: 11    Spells: 7/7 levels left

rFire   . .          .
                       - Unarmed
rCold   + . .        (no shield)
rNeg    . . .        (helmet restricted)
rPois   .            (no amulet)
rElec   .            q - ring of protection from cold
rCorr   .            s - +5 ring of evasion
SInv    .            (no ring)
Will    .....        (no ring) Stlth
                     (no ring)
HPRegen 0.33/turn    (no ring)
MPRegen 0.11/turn    (no ring)
                     (no ring)

%: no passive effects
@: berserking (expiring), very quick
A: almost no armour, amphibious, 8 rings, camouflage 1, gelatinous body 1,
(nimble swimmer 1), tentacles
a: Renounce Religion, Berserk, Trog's Hand


You were on level 6 of the Dungeon.
You worshipped Trog.
Trog was most pleased with you.
You visited 1 branch of the dungeon, and saw 6 of its levels.

You collected 411 gold pieces.

Inventory:

Jewellery
 q - a ring of protection from cold (left tentacle)
 s - a +5 ring of evasion (right tentacle)
Wands
 o - a wand of roots (8) (quivered)
 p - a wand of paralysis (9)
 t - a wand of digging (1)
 u - a wand of light (13)
Scrolls
 c - 2 scrolls of enchant armour {unknown}
 d - 5 scrolls of teleportation
 e - 2 scrolls of magic mapping {unknown}
 h - a scroll of torment {unknown}
 j - 2 scrolls of blinking {unknown}
 n - a scroll of vulnerability {unknown}
 r - 4 scrolls of identify
Potions
 a - a potion of haste
 b - a potion of lignification
 f - a potion of degeneration {unknown}
 g - 2 potions of might
 i - 2 potions of mutation
 k - 3 potions of berserk rage
 l - 2 potions of heal wounds {unknown}
 m - a potion of magic {unknown}


   Skills:
 + Level 5.2 Fighting
 + Level 5.3 Dodging
 + Level 6.0 Stealth
 * Level 6.9 Unarmed Combat


You had 7 spell levels left.
You didn't know any spells.
Your spell library was empty.

Dungeon Overview and Level Annotations

Branches:
Dungeon (6/15)
 Temple: D:4-7

Altars:

Annotations:
D:6 3 runed translucent doors, 0gre's ghost, novice GnIE; Diggabert's ghost, novice DECj; bairyn's ghost, novice AtFi; safid's ghost, novice MfIE


Innate Abilities, Weirdness & Mutations

You cannot wear most types of armour.
You are amphibious.
You can wear up to eight rings at the same time.
Your skin changes colour to match your surroundings (Stealth+).
Your rubbery body absorbs attacks. (AC +1, EV +1)
((You are camouflaged when in or above water. (Stealth+)))
You have tentacles for arms and can constrict up to eight enemies at once.


Message History

You kill the orc!
Trog accepts your kill.
The orc priest casts a cantrip, but nothing happens.
You hear some strange, mumbled words.
Something tries to affect you, but you resist.
You tentacle-slap something. Your squeeze misses something.
You bludgeon the orc!
You kill the orc!
Trog accepts your kill.
You hear some strange, mumbled words.
A magic dart appears from out of thin air!
The magic dart hits you!
You tentacle-slap something.
Your tentacle-slap misses something.
The orc priest mumbles some strange prayers to Beogh against you.
Pain shoots through your body!
The orc priest mumbles some strange prayers to Beogh against you.
Beogh smites you!
* * * LOW HITPOINT WARNING * * *
Something hits you.
* * * LOW HITPOINT WARNING * * *
You tentacle-slap the orc priest. You grab the orc priest.
You squeeze the orc priest.
The orc priest is heavily wounded.
You constrict the orc priest. You bludgeon the orc priest!
You kill the orc priest!
Trog accepts your kill. The orc priest hits you with a +0 mace.
* * * LOW HITPOINT WARNING * * *
Something hits you.
* * * LOW HITPOINT WARNING * * *
Your Stealth skill increases to level 6!
You closely miss the orc priest. Your grab misses the orc priest.
You bludgeon the orc priest!
You kill the orc priest!
Trog accepts your kill.
You hear some strange, mumbled words.
Something tries to affect you, but you resist.
You closely miss something. Your squeeze misses something. Something hits you.
You die...

##...#.#(..#.#...# #..
##......#...#.##.##
#..##.......#...#.#...#
......#.#...##'##...#.##
......#..##+.....'##..†.
.......#.# #.....#)#....
......>..###.....###....
......).#...#...#...#...
.>....{@................
......)#######.#########
......# #.# ...... #.#
..... #.. ..... ##. ..:.
....


There were no monsters in sight!

Vanquished Creatures
  A black bear (D:6)
  An ice beast (D:6)
  2 centaurs
  A kobold brigand (D:6)
  A bullfrog (D:6)
  2 scorpions
  2 jellies
  A gnoll bouda (D:6)
  3 orc priests
  A hound (D:6)
  A sleepcap (D:4)
  5 iguanas
  An orc wizard (D:5)
  3 gnolls (D:4)
  6 adders
  A shadow imp (D:6)
  2 ufetubi
  A worm (D:3)
  6 orcs
  9 endoplasms
  4 giant cockroaches
  6 goblins
  5 hobgoblins
  12 jackals
  4 quokkas
  3 ball pythons
  4 bats
  5 frilled lizards
  11 kobolds
  10 rats
114 creatures vanquished.

Notes
Turn   | Place    | Note
-------+----------+-------------------------------------------
     0 | D:1      | LustLizard the Octopode Berserker began the quest for the
                  | Orb.
     0 | D:1      | Reached XP level 1. HP: 16/16 MP: 1/1
   152 | D:1      | Reached XP level 2. HP: 14/21 MP: 2/2
   155 | D:1      | Reached skill level 1 in Stealth
   814 | D:1      | Reached XP level 3. HP: 26/26 MP: 3/3
  1268 | D:2      | Reached ** piety under Trog
  1274 | D:2      | Reached XP level 4. HP: 14/31 MP: 4/4
  1890 | D:3      | Found a faded altar of an unknown god.
  2537 | D:4      | Reached XP level 5. HP: 13/36 MP: 5/5
  3093 | D:4      | Reached XP level 6. HP: 43/43 MP: 6/6
  3422 | D:5      | Entered Level 5 of the Dungeon
  3429 | D:5      | Reached skill level 5 in Unarmed Combat
  3607 | D:5      | Reached XP level 7. HP: 33/48 MP: 7/7
  4788 | D:6      | Reached skill level 5 in Stealth
  4881 | D:6      | Found a runed translucent gate.
  4881 | D:6      | Found a runed translucent gate.
  4882 | D:6      | Found a runed translucent gate.
  4882 | D:6      | Noticed safid's ghost (novice MfIE)
  4882 | D:6      | Noticed Diggabert's ghost (novice DECj)
  4883 | D:6      | Noticed 0gre's ghost (novice GnIE)
  4884 | D:6      | Noticed bairyn's ghost (novice AtFi)
  4933 | D:6      | Reached skill level 5 in Dodging
  4933 | D:6      | Reached XP level 8. HP: 41/54 MP: 8/8
  5032 | D:6      | Reached skill level 5 in Fighting
  5052 | D:6      | Found the +7 lajatang of Order {silver, rMut}
  5118 | D:6      | HP: 4/82 [orc priest/+0 mace (5)]
  5120 | D:6      | Reached *** piety under Trog
  5121 | D:6      | Slain by an orc wizard

Illustrated notes

Levels and vault maps discovered:
D:1:      elethiomel_arrival_shortcut, layout_loops_ring
D:2:      layout_basic, chequers_mini_garden,
          nicolae_concentric_dashed_squares_wild,
          minmay_fractal_squares_gapless_5
D:3:      layout_loops_cross, chequers_ecumenical_altar_island
D:4:      layout_basic
D:5:      layout_gridville
D:6:      layout_rooms, gammafunk_ghost_cemetery,
          minmay_fractal_squares_diagonal_5

Skill      XL: |  1  2  3  4  5  6  7  8 |
---------------+-------------------------+-----
Stealth        | 1 2 3 4 5 6 |  6.0
Unarmed Combat | 4 5 6 |  6.9
Fighting       | 4 5 |  5.2
Dodging        | 4 5 |  5.3

Action                     |  1- 3 |  4- 6 |  7- 9 || total
---------------------------+-------+-------+-------++-------
  Melee: Unarmed           |    79 |   100 |    92 ||   271
         Constrict         |    20 |    17 |    15 ||    52
         Tentacles         |    14 |    19 |    21 ||    54
         Punch             |     1 |     5 |     3 ||     9
 Invoke: Berserk           |     1 |     3 |     1 ||     5
  Evoke: Wand              |       |       |     2 ||     2
    Use: Scroll            |     1 |     5 |     1 ||     7
   Stab: Sleeping          |    10 |    14 |     2 ||    26
 Armour: Skin              |     6 |     4 |     4 ||    14
  Dodge: Dodged            |    43 |    43 |    57 ||   143
